cohdb
Replays
Latest Replays
All Replays
Popular Replays
Top Player Replays
Match Explorer
How It Works
Community
CoH3 Stats
Reddit
Sign in to upload your games and track your stats! →
Sign in with Steam
Match 45365513
Unlisted
Match 45365513
Overview
Messages
Build Orders
End
Construct Barracks
Selects Advanced Infantry Battlegroup
Riflemen Squad
Riflemen Squad
Grenade Package
Riflemen Squad
Selects Artillery Observers
Riflemen Squad
Infantry Support Center
Construct Weapon Support Center
M3 Armored Personnel Carrier
Advanced Logistics
Selects Convert to Ranger Squad
Selects Frontline Medical Station
Frontline Medical Station
Munitions Surplus
Riflemen Squad
M1918 Browning Automatic Rifles
Selects Infantry Assault
Infantry Assault
Bazooka Squad
Survival Training
Improved M9 Bazooka Rockets
Infantry Assault
Bazooka Squad
Selects M2A1 105mm Howitzer Emplacement
Selects Free Fire Drills
Infantry Assault
Bazooka Squad
Infantry Assault
Riflemen Squad
Riflemen Squad
Infantry Assault
Phan
MrBlueSteel
cumsader
Yttrium
Nuts
LW | MUERTE
Jerome Powell
SoldMyDad
0
0
Comments
sign in to comment!
No comments posted yet!